 Dungeon Crawl Stone Soup version 0.23-a0-49-gd9f7a49 (webtiles) character file.

396 Gruud the Purveyor of Pain (level 6, -10/41 HPs)
             Began as a Demonspawn Necromancer on Aug 6, 2018.
             Was an Initiate of Kikubaaqudgha.
             Splashed by Ijyb's acid (16 damage)
             ... on level 3 of the Dungeon.
             The game lasted 00:16:31 (3693 turns).

Gruud the Purveyor of Pain (Demonspawn Necromancer) Turns: 3693, Time: 00:16:32

Health: -10/41     AC:  5    Str: 11    XL:     6   Next: 52%
Magic:  4/10       EV: 10    Int: 19    God:    Kikubaaqudgha [......]
Gold:   232        SH:  0    Dex: 13    Spells: 4/11 levels left

rFire    . . .     SeeInvis .   o - +0 war axe (curse)
rCold    . . .     Gourm    +   (no shield)
rNeg     . . .     Faith    .   B - +0 ring mail (curse)
rPois    .         Spirit   .   (no helmet)
rElec    .         Reflect  .   s - +0 cloak
rCorr    .         Harm     .   (no gloves)
MR       .....                  (no boots)
Stlth    +.........             x - amulet of the gourmand
HPRegen  0.13/turn              j - +3 ring of intelligence
MPRegen  0.12/turn              (no ring)

@: corroded
A: talons 1, thin metallic scales 2
a: Renounce Religion


You were on level 3 of the Dungeon.
You worshipped Kikubaaqudgha.
Kikubaaqudgha was noncommittal.
You were not hungry.

You visited 2 branches of the dungeon, and saw 5 of its levels.

You collected 232 gold pieces.

Inventory:

Hand Weapons
 l - a +0 hunting sling
 o - a cursed +0 war axe (weapon)
 r - a +3 flail of protection
 y - a +2 flail of protection
Missiles
 d - 3 needles of paralysis
 h - a throwing net (quivered)
 p - 3 needles of sleeping
 w - 24 sling bullets
Armour
 a - a +0 robe
 b - a +0 plate armour
 e - a +0 chain mail
 g - a +0 shield of positive energy
 k - a +0 scale mail
 s - a +0 cloak (worn)
 t - a scarf of spirit shield
 v - a +0 large shield
 B - a cursed +0 ring mail (worn)
Jewellery
 j - a +3 ring of intelligence (left hand)
 x - an amulet of the gourmand (around neck)
Scrolls
 A - 2 scrolls of teleportation
Potions
 f - 2 potions of agility
 i - a potion of cancellation
 m - a potion of heal wounds {unknown}
 n - 3 potions of curing
 q - a potion of lignification {unknown}
 u - a potion of degeneration {unknown}
 z - a potion of ambrosia {unknown}
 C - a potion of invisibility {unknown}
Comestibles
 c - 9 rations
 D - 9 chunks of flesh


   Skills:
 + Level 2.6 Armour
 - Level 1.7 Dodging
 - Level 1.7 Stealth
 + Level 2.9 Shields
 - Level 3.0 Spellcasting
 - Level 6.2 Necromancy


You had 4 spell levels left.
You knew the following spells:

 Your Spells              Type           Power        Failure   Level  Hunger
a - Pain                  Necr           ####         2%          1    None
b - Animate Skeleton      Necr           N/A          2%          1    None
c - Vampiric Draining     Necr           ####......   8%          3    ###....
d - Blink                 Tloc           N/A          45%         2    ##.....

Your spell library contained the following spells:

 Spells                   Type           Power        Failure   Level  Hunger
 Magic Dart               Conj           #...         34%         1    None
 Conjure Flame            Conj/Fire      #.......     71%         3    ###....
 Slow                     Hex            #.......     45%         2    ##.....
 Mephitic Cloud           Conj/Pois/Air  #.......     71%         3    ###....
 Animate Dead             Necr           N/A          26%         4    ####...
 Call Imp                 Summ           #.......     45%         2    ##.....
 Regeneration             Chrm/Necr      ##........   28%         3    ###....


Dungeon Overview and Level Annotations

Branches:
Dungeon (4/15)             Temple (1/1) D:4

Altars:
Ashenzari
Dithmenos
Elyvilon
Fedhas
Gozag
Hepliaklqana
Kikubaaqudgha
Makhleb
Nemelex Xobeh
Okawaru
Qazlal
Sif Muna
Uskayaw
Vehumet
Wu Jian

Annotations:
D:3 Grinder, Ijyb


Innate Abilities, Weirdness & Mutations

You have sharp toenails.
You are mostly covered in thin metallic scales. (AC +3)


Message History

Confirm with . or Enter, or press ? or * to list all spells.
Aiming: Vampiric Draining (safe; 8% risk of failure)
Press: ? - help, Shift-Dir - straight line, f - Ijyb
Aim: Ijyb, wearing a leather armour and carrying a wand of acid (3) Ijyb is moderately wounded.
You feel life coursing into your body.
Ijyb zaps a wand.
The bolt of acid hits you!
You are splashed with acid!
The acid burns!
* * * LOW HITPOINT WARNING * * *
Casting: Vampiric Draining (safe; 8% risk of failure)
Confirm with . or Enter, or press ? or * to list all spells.
Aiming: Vampiric Draining (safe; 8% risk of failure)
Press: ? - help, Shift-Dir - straight line, f/p - Ijyb
Aim: Ijyb, wearing a leather armour and carrying a wand of acid (2) (moderately wounded) Ijyb is almost dead.
You feel life coursing into your body.
Ijyb zaps a wand.
The bolt of acid hits you!
* * * LOW HITPOINT WARNING * * *
You are splashed with acid!
The acid burns!
You die...
Kikubaaqudgha rasps: "You have failed me!
Welcome... death!"

### #######......#
..# #.......# #.#
#.##.##.#
#.......##.##.##.#
#...>...##.##....#
#.......##.####..# #
#.......##.####..#
..#....... #.......#
.........#######@..#
#.........# #g...#
..........# #....#
#.........#####.####
#...###.......#.#
... #...g.g...# #
#.(..##.###
.......##.# #
##..#####.#


You could see Ijyb.

Vanquished Creatures
  A centaur (D:3)
  Blork the orc (D:4)
  A hound (D:4)
  A worker ant (D:4)
  An iguana (D:4)
  A hound zombie (D:4)
  4 gnolls (D:2)
  3 adders
  2 oozes
  An adder skeleton (D:3)
  A dart slug (D:1)
  4 leopard geckos
  4 orcs
  8 bats
  4 giant cockroaches
  10 hobgoblins
  5 jackals
  4 quokkas
  2 frilled lizards (D:1)
  7 goblins
  7 kobolds
  3 rats
75 creatures vanquished.

Vanquished Creatures (others)
  A goblin (D:3)
1 creature vanquished.

Grand Total: 76 creatures vanquished

Notes
Turn   | Place    | Note
-------+----------+-------------------------------------------
     0 | D:1      | Gruud the Demonspawn Necromancer began the quest for the Orb.
     0 | D:1      | Reached XP level 1. HP: 13/13 MP: 3/3
     2 | D:1      | Learned a level 1 spell: Animate Skeleton
   193 | D:1      | Reached skill level 5 in Necromancy
   193 | D:1      | Gained mutation: You are partially covered in thin metallic scales. (AC +2) [demonic ancestry]
   193 | D:1      | Reached XP level 2. HP: 17/19 MP: 0/5
  1108 | D:2      | Reached XP level 3. HP: 22/24 MP: 3/6
  1139 | D:1      | Learned a level 3 spell: Vampiric Draining
  1569 | D:2      | Found a hazy altar of Hepliaklqana.
  1587 | D:2      | Reached skill level 1 in Shields
  1785 | D:2      | Gained mutation: You have sharp toenails. [demonic ancestry]
  1785 | D:2      | Reached XP level 4. HP: 18/30 MP: 1/7
  2006 | D:2      | Reached skill level 1 in Armour
  2396 | D:2      | Found a shattered altar of Ashenzari.
  2456 | D:2      | Learned a level 2 spell: Blink
  2477 | D:2      | Reached skill level 6 in Necromancy
  2765 | D:3      | Noticed Grinder
  2945 | D:4      | Gained mutation: You are mostly covered in thin metallic scales. (AC +3) [demonic ancestry]
  2945 | D:4      | Reached XP level 5. HP: 20/35 MP: 0/8
  3211 | D:4      | Found a stormy altar of Qazlal.
  3318 | D:4      | Found a staircase to the Ecumenical Temple.
  3340 | D:4      | Noticed Blork the orc
  3350 | D:4      | Killed Blork the orc
  3350 | D:4      | Reached XP level 6. HP: 37/41 MP: 1/10
  3369 | Temple   | Entered the Ecumenical Temple
  3442 | Temple   | Became a worshipper of Kikubaaqudgha
  3672 | D:3      | Noticed Ijyb
  3693 | D:3      | Splashed by Ijyb's acid

Vault maps used:
D:1:      minmay_arrival_radiant_lines, minmay_pentomino_r4
D:2:      nicolae_overflow_crystal_walls, overflow_temple_1_default
D:3:      uniq_ijyb, uniq_grinder
D:4:      lemuel_round_altar, temple_doors_e, first_ration, uniq_blork_the_orc
Temple:   regret_index_temple_sphere_string

Skill      XL: |  1  2  3  4  5 |
---------------+----------------+-----
Necromancy     | 5 6 |  6.2
Shields        | 1 2 |  2.9
Armour         | 1 2 |  2.6
Spellcasting   | 3 |  3.0
Dodging        | |  1.7
Stealth        | |  1.7

Action                   |  1- 3 |  4- 6 || total
-------------------------+-------+-------++-------
Melee: Spear             |    17 |       ||    17
       War axe           |    61 |    78 ||   139
       Kick              |       |    12 ||    12
 Cast: Pain              |    48 |    40 ||    88
       Vampiric Draining |       |    10 ||    10
       Animate Skeleton  |       |     3 ||     3
  Use: Scroll            |     1 |     6 ||     7
 Stab: Sleeping          |     1 |     1 ||     2
  Eat: Chunk             |     3 |    15 ||    18
Armor: Robe              |    12 |    34 ||    46
       Chain mail        |    63 |       ||    63
       Ring mail         |       |     8 ||     8
Dodge: Dodged            |    19 |    84 ||   103
Block: Shield            |    29 |       ||    29

Table legend:
 A = Spawn XP
 B = Non-spawn XP
 C = Spawn XP percentage of total XP
 D = Spawn monster count
 E = Non-spawn monster count
 F = Spawn count percentage of total count
 G = Total turns spent on level
                    A         B        C        D         E        F      G
               +---------+---------+-------+---------+---------+-------+---------
         Total |       0 |     566 |   0.0 |       0 |      75 |   0.0 |  3693
               +---------+---------+-------+---------+---------+-------+---------
           D:1 |       0 |      39 |   0.0 |       0 |      21 |   0.0 |  1127
           D:2 |       0 |     124 |   0.0 |       0 |      29 |   0.0 |  1520
           D:3 |       0 |     154 |   0.0 |       0 |      15 |   0.0 |   453
           D:4 |       0 |     249 |   0.0 |       0 |      10 |   0.0 |   504
               +---------+---------+-------+---------+---------+-------+---------
